 Dungeon Crawl Stone Soup version 0.29-a0-323-g050149af67 (webtiles) character file.

Game seed: 15711722398773376092

23735 zishaf the Grappler (level 12, -3/117 HPs)
             Began as a Troll Chaos Knight on Apr 11, 2022.
             Was a Plaything of Xom.
             Slain by a white ugly thing (22 damage)
             ... on level 12 of the Dungeon.
             The game lasted 00:22:25 (9934 turns).

zishaf the Grappler (Troll Chaos Knight)            Turns: 9934, Time: 00:22:27

Health: -3/117     AC: 11    Str: 27    XL:     12   Next: 74%
Magic:  9/9        EV: 10    Int:  8    God:    Xom [....*.]
Gold:   1074       SH:  5    Dex: 16    Spells: 11/11 levels left

rFire   + . .      SeeInvis .     - Unarmed
rCold   . . .      Faith    .   (no shield)
rNeg    . . .      Spirit   .   I - +0 acid dragon scales
rPois   .          Reflect  +   (helmet restricted)
rElec   .          Harm     .   r - +2 cloak
rCorr   +          Rampage  .   (gloves unavailable)
Will    +....      Clarity  +   (boots unavailable)
Stlth   ..........              F - amulet "Yvexoaw" {Reflect Dex+7 SH+5 Stlth-}
HPRegen 1.09/turn               g - ring of protection from fire
MPRegen 0.11/turn               (no ring)

@: spiked, hasted and slowed
A: large, unfitting armour, claws 3, regeneration 1, shaggy fur 1, tough skin 1,
clarity, frail 1, low MP 1, strong-willed 1, evolution 1
a: Renounce Religion


You were on level 12 of the Dungeon.
You worshipped Xom.
You were a beloved toy of Xom.
You visited 1 branch of the dungeon, and saw 12 of its levels.
You also visited: Sewer.

You collected 1074 gold pieces.

Inventory:

Hand Weapons
 K - a +1 quarterstaff of draining
Missiles
 k - a boomerang (quivered)
 t - 2 throwing nets
 w - 2 silver boomerangs
 H - 3 large rocks
Armour
 a - a +2 robe
 r - a +2 cloak (worn)
 I - +0 acid dragon scales (worn)
Jewellery
 g - a ring of protection from fire (left claw)
 i - an amulet of faith
 s - a +6 ring of intelligence
 u - an amulet of regeneration
 F - the amulet "Yvexoaw" (around neck) {Reflect Dex+7 SH+5 Stlth-}
   (Xom gifted it to you on level 9 of the Dungeon)

   [amulet of reflection]

   It reflects blocked missile attacks.
   Dex:       It affects your dexterity (+7).
   SH:        It affects your SH (+5).
   Stlth:     It makes you less stealthy.
Wands
 y - a wand of iceblast (8)
 z - a wand of flame (37)
 D - a wand of charming (4)
 G - a wand of paralysis (1)
 J - a wand of polymorph (8)
Scrolls
 d - 3 scrolls of fog
 e - a scroll of enchant weapon
 f - 2 scrolls of magic mapping
 j - 9 scrolls of teleportation
 l - 2 scrolls of amnesia
 o - 2 scrolls of blinking
 p - 3 scrolls of silence
 C - 4 scrolls of enchant armour
Potions
 c - 3 potions of flight
 h - 6 potions of mutation
 m - 2 potions of heal wounds
 n - 2 potions of curing
 q - a potion of might
 v - 6 potions of ambrosia
 x - 4 potions of attraction
 A - a potion of magic
 B - a potion of brilliance
Miscellaneous
 b - a piece from Xom's chessboard (15/15)
 L - a lightning rod (2/4)


   Skills:
 * Level 11.4 Fighting
 - Level 6.0 Throwing
 - Level 2.0 Dodging
 * Level 14.7 Unarmed Combat
 + Level 4.8 Evocations


You had 11 spell levels left.
You didn't know any spells.
Your spell library contained the following spells:

 Spells                   Type           Power      Damage    Failure   Level
 Pain                     Necr           0%         1d4       47%         1
 Blink                    Tloc           0%         N/A       63%         2
 Ensorcelled Hibernation  Hex/Ice        0%         N/A       63%         2
 Static Discharge         Conj/Air       0%         N/A       63%         2
 Conjure Flame            Conj/Fire      0%         6-21      85%         3
 Ignite Poison            Fire/Tmut/Pois 0%         N/A       85%         3
 Lesser Beckoning         Tloc           0%         N/A       85%         3
 Spider Form              Tmut/Pois      0%         N/A       85%         3
 Anguish                  Hex/Necr       0%         N/A       99%         4
 Sticky Flame             Conj/Fire      0%         2d3       99%         4
 Agony                    Necr           0%         N/A       100%        5
 Excruciating Wounds      Necr           0%         N/A       100%        5
 Lightning Bolt           Conj/Air       0%         1d11      100%        5
 Manifold Assault         Tloc           0%         N/A       100%        5
 Maxwell's Capacitive Co  Air            0%         ∞         100%        8


Dungeon Overview and Level Annotations

Branches:
Dungeon (12/15)            Temple (0/1) D:7            Lair (0/6) D:10
    Orc (0/2) D:10          Sewer (visited)

Altars:
Dithmenos
Gozag
Hepliaklqana
Qazlal
Ru
Uskayaw
Wu Jian
Xom
The Shining One

Shops:
D:9 *

Portals:
Trove: D:10 (give 3 potions of resistance)
Ice
Cave: D:12


Innate Abilities, Weirdness & Mutations

You are too large for most types of armour.
You have claws for hands.
Your natural rate of healing is unusually fast.
You are covered in fur. (AC +1)
You have tough skin. (AC +1)
You possess an exceptional clarity of mind.
You are frail. (-10% HP)
Your magical capacity is low. (-10% MP)
You are strong-willed. (Will+)
You have hidden genetic potential.


Message History

You destroy the wraith!
The howler monkey barely misses you. The white imp hits you.
* * * LOW HITPOINT WARNING * * *
The white imp freezes you.
* * * LOW HITPOINT WARNING * * *
The white imp gestures at you.
The puff of frost hits you but does no damage.
The white imp closely misses you. The white imp gestures at you.
The puff of frost misses you.
The puff of frost hits the white imp.
The white imp resists.
The white ugly thing tail-slaps you but does no damage.
The howler monkey hits you.
* * * LOW HITPOINT WARNING * * *
The white imp shouts!
It was a potion of haste.
You feel yourself speed up.
Xom calls forth mighty explosions.
The fireball engulfs the white imp!
The white imp is burned terribly!
The fireball engulfs the white imp!!
The white imp is burned terribly!
The white imp dies!
The fireball engulfs the white ugly thing!
The fireball engulfs the white imp!
The white imp is burned terribly!
The white imp dies!
The fireball engulfs the white imp!
The white imp is burned terribly!
The white imp dies!
The fireball engulfs the cyclops!!
The fireball engulfs the white imp!
The white imp is burned terribly!
The fireball engulfs the cyclops.
The fireball engulfs the white imp!!
The white imp is burned terribly!
The white imp dies!
The fireball engulfs the white imp.
The white imp is burned terribly!
The white imp dies!
The fireball engulfs the howler monkey! x2
The howler monkey hoots and howls with incredible vigour!
The howler monkey misses you.
The white imp hits you but does no damage.
The white ugly thing tail-slaps you.
* * * LOW HITPOINT WARNING * * *
The white ugly thing freezes you!!
You die...
Xom thinks this is hilarious!

,,,,,,,,..............,,,,,,,,,##
*,,,,,,,,.....).......,,,,,,,,,#.
*,,,*****#............,,,,,,,,>##
*,,,*,,,,#...........,,,,,,,,,,*#
,,,,*,,,,#.........#*******,,,,*#
,,,,*,,,,#.........#,,,,,,*,,,,*#
,,,,**#+##.......h.#,,,.,,*,,,,*#
,,,,,,.......<.u†h.#....,,*,,,,*
,,,,,,.........5@C......,,*,,,,*
,,,,,,##+######'##......,,***,,*
,,,,,,*,,,,,,...,*,.∩...,,,,+,,**
,,,,,,*,,,,.....,+,,....,,,,*,,,,
,,,,,,*,,.......,*,,,...,,,,*,***
,,,,,,*,,.......,*,*,,..,,,,*,*
,,,,,,*,,.......,*,+,,,.,,,,*,*
,,,,,,***#####..,*,*,,,,,,,,*,*
**,,,,,,,,,,,*,,,*,*,,,,,,,,*,***


You could see a white ugly thing, a cyclops, 2 howler monkeys and a white imp.

Vanquished Creatures
  2 boulder beetles
  A vault guard (D:10)
  7 two-headed ogres
  4 centaur warriors
  A death knight (D:9)
  Sonja (D:10)
  3 skeletal warriors
  Lodul (D:9)
  The ghost of Darius099 the Basher, a novice GrFi of Okawaru (D:7)
  A manticore (D:12)
  A cyclops (D:9)
  An elephant (D:10)
  Joseph (D:10)
  An unseen horror (D:10)
  A kobold demonologist (D:11)
  A queen bee (D:7)
  A wind drake (shapeshifter) (D:9)
  A troll (D:10)
  2 hornets (D:10)
  2 slime creatures (D:9)
  A shadow (D:11)
  6 yaks
  A wraith (D:12)
  3 wyverns
  Grum (D:11)
  A golden eye (shapeshifter) (D:9)
  A basilisk (D:10)
  A steam dragon (D:8)
  2 acid dragons
  2 water moccasins
  An ice beast (D:6)
  2 black bears
  2 sky beasts (D:6)
  5 centaurs
  A boggart (D:9)
  3 wolves
  5 ogres
  2 phantoms
  7 kobold brigands
  A gnoll sergeant (D:9)
  4 bullfrogs
  2 necrophages
  3 scorpions
  14 wights
  9 killer bees
  An electric eel (D:6)
  7 howler monkeys
  5 jellies
  A quasit (D:7)
  3 orc priests
  A hound (D:4)
  A gnoll shaman (D:5)
  3 iguanas
  10 orc wizards
  A centaur simulacrum (D:9)
  Robin (D:3)
  8 gnolls (D:5)
  16 adders
  2 river rats (Sewer)
  7 white imps
  3 ufetubi
  2 worms
  2 dart slugs
  26 orcs
  18 ball pythons
  6 endoplasms
  7 giant cockroaches
  17 goblins
  10 hobgoblins
  3 jackals (D:5)
  33 kobolds
  5 quokkas
  3 bats
  2 frilled lizards (Sewer)
  A goblin skeleton (D:7)
  A goblin zombie (D:7)
  A hobgoblin zombie (D:7)
  3 kobold skeletons (D:7)
  A kobold zombie (D:7)
  An orc skeleton (D:7)
  22 rats
348 creatures vanquished.

Vanquished Creatures (collateral kills)
  Psyche (D:8)
  An orc warrior (D:4)
  A kobold brigand (D:11)
  A scorpion (D:5)
  A wight (D:8)
  A killer bee (D:11)
  An orc wizard (D:4)
  2 orcs (D:11)
  3 ball pythons
  A hobgoblin (D:4)
  A kobold (D:11)
14 creatures vanquished.

Vanquished Creatures (others)
  A manticore (D:11)
  2 killer bees (D:7)
  An orc wizard (D:9)
  5 white imps (D:12)
  4 plants (D:8)
13 creatures vanquished.

Grand Total: 375 creatures vanquished

Notes
Turn   | Place    | Note
-------+----------+-------------------------------------------
     0 | D:1      | zishaf the Troll Chaos Knight began the quest for the Orb.
     0 | D:1      | Reached XP level 1. HP: 22/22 MP: 0/0
     5 | D:1      | XOM: potion effect (haste)
   150 | D:1      | Reached XP level 2. HP: 29/29 MP: 1/1
   166 | D:1      | XOM: divination: detect items
   204 | D:1      | XOM: divination: magic mapping
   213 | D:1      | XOM: cast spell 'Call Canine Familiar'
   341 | D:1      | Found a faded altar of an unknown god.
   898 | D:2      | Reached XP level 3. HP: 36/36 MP: 2/2
   925 | D:2      | Reached skill level 4 in Unarmed Combat
   935 | D:2      | XOM: summons friendly crimson imp
  1450 | D:3      | Noticed a scorpion
  1454 | D:3      | Killed a scorpion
  1455 | D:3      | Reached XP level 4. HP: 45/45 MP: 3/3
  1547 | D:3      | Reached skill level 5 in Unarmed Combat
  1547 | D:3      | Reached XP level 5. HP: 47/53 MP: 4/4
  1614 | D:3      | Found a hazy altar of Hepliaklqana.
  1741 | D:3      | Noticed Robin
  1766 | D:3      | Killed Robin
  1846 | D:3      | XOM: noise
  1963 | D:3      | XOM: silly message
  2259 | D:3      | Found a shimmering altar of Xom.
  2307 | D:3      | XOM is BORED!
  2474 | D:4      | Reached XP level 6. HP: 17/62 MP: 5/5
  2646 | D:4      | Reached skill level 6 in Unarmed Combat
  2725 | D:4      | XOM: snakes to sticks
  2735 | D:4      | XOM: torment (31/62 hp)
  2869 | D:4      | Reached XP level 7. HP: 67/70 MP: 6/6
  2869 | D:4      | XOM: fake destruction
  3040 | D:4      | Reached skill level 7 in Unarmed Combat
  3129 | D:5      | Entered Level 5 of the Dungeon
  3189 | D:5      | XOM: 2-stop teleportation journey
  3214 | D:5      | XOM: summons 7 friendly demons
  3239 | D:5      | Reached skill level 5 in Fighting
  3239 | D:5      | Reached skill level 8 in Unarmed Combat
  3243 | D:5      | Reached XP level 8. HP: 80/80 MP: 7/7
  3365 | D:5      | Reached skill level 9 in Unarmed Combat
  3800 | D:6      | XOM: confuse monster(s)
  3806 | D:6      | Found a sacrificial altar of Ru.
  3808 | D:6      | Found a glowing drain.
  3824 | Sewer    | Entered a sewer
  3956 | Sewer    | XOM: give mutations
  3956 | Sewer    | Gained mutation: Armour fits poorly on your strangely
                  | shaped body. [Xom's mischief]
  3956 | Sewer    | Gained mutation: You occasionally shout uncontrollably at
                  | your foes. [Xom's mischief]
  4028 | Sewer    | XOM: summons friendly ufetubus
  4033 | Sewer    | Reached skill level 1 in Throwing
  4095 | D:6      | Lost mutation: You occasionally shout uncontrollably at
                  | your foes. [potion of mutation]
  4095 | D:6      | Lost mutation: Armour fits poorly on your strangely shaped
                  | body. [potion of mutation]
  4095 | D:6      | Gained mutation: Your flesh is heat resistant. (rF+)
                  | [potion of mutation]
  4095 | D:6      | Gained mutation: Your body sometimes deteriorates upon
                  | taking damage. [potion of mutation]
  4095 | D:6      | Gained mutation: You are strong-willed. (Will+) [potion of
                  | mutation]
  4121 | D:6      | XOM: divination: detect items
  4264 | D:6      | XOM: cast spell 'Disjunction'
  4286 | D:6      | XOM: enchant monster (bad)
  4295 | D:6      | Reached XP level 9. HP: 15/89 MP: 8/8
  4545 | D:6      | Reached skill level 10 in Unarmed Combat
  4758 | D:6      | Found a shadowy altar of Dithmenos.
  4977 | D:6      | XOM: give mutation
  4977 | D:6      | Gained mutation: You are robust. (+10% HP) [Xom's grace]
  5194 | D:7      | Found a glowing golden altar of the Shining One.
  5269 | D:7      | XOM: god gift: glowing plate armour {god gift}
  5288 | D:7      | XOM: enchant monster (good)
  5576 | D:7      | XOM: god gift: amulet of faith
  5577 | D:7      | Noticed a queen bee
  5589 | D:7      | Noticed Darius099's ghost (novice GrFi)
  5599 | D:7      | Found a transporter.
  5604 | D:7      | Found a transporter.
  5706 | D:7      | XOM: cloud trail
  5858 | D:7      | XOM: divination: detect creatures
  5877 | D:7      | XOM: 1-stop teleportation journey
  6003 | D:7      | Found a staircase to the Ecumenical Temple.
  6062 | D:7      | Killed a queen bee
  6072 | D:7      | XOM: scenery: create altars
  6076 | D:7      | XOM: divine lightning
  6083 | D:7      | Killed Darius099's ghost
  6084 | D:7      | Reached skill level 11 in Unarmed Combat
  6084 | D:7      | Reached XP level 10. HP: 103/114 MP: 9/9
  6185 | D:8      | XOM: 1-stop teleportation journey
  6245 | D:8      | Found an ornate altar of the Wu Jian Council.
  6249 | D:8      | Noticed Psyche
  6280 | D:8      | XOM: summons 2 friendly demons
  6286 | D:8      | Killed Psyche
  6611 | D:8      | Noticed a centaur warrior
  6612 | D:8      | XOM: summons friendly iron imp
  6619 | D:8      | Killed a centaur warrior
  6937 | D:9      | Found a hide-covered altar of Uskayaw.
  6954 | D:9      | Noticed a two-headed ogre
  6956 | D:9      | a two-headed ogre changed into a shapeshifter
  6956 | D:9      | XOM: polymorph two-headed ogre -> shapeshifter
  7049 | D:8      | XOM: cast spell 'Summon Cactus Giant'
  7125 | D:9      | Noticed a +0 dagger
  7125 | D:9      | Noticed a +0 hand axe
  7126 | D:9      | Noticed a two-headed ogre
  7132 | D:9      | XOM: cleaving
  7135 | D:9      | XOM: summons 2 friendly demons
  7145 | D:9      | Killed a two-headed ogre
  7146 | D:9      | Reached skill level 12 in Unarmed Combat
  7146 | D:9      | Reached skill level 1 in Evocations
  7168 | D:9      | XOM: confuse monster(s)
  7196 | D:9      | Identified the amulet "Yvexoaw" {Reflect Dex+7 SH+5 Stlth-}
                  | (Xom gifted it to you on level 9 of the Dungeon)
  7196 | D:9      | XOM: god gift: amulet "Yvexoaw" {Reflect Dex+7 SH+5 Stlth-}
  7211 | D:9      | Found a stormy altar of Qazlal.
  7246 | D:9      | Noticed a centaur warrior
  7251 | D:9      | Noticed a centaur warrior
  7256 | D:9      | XOM: polymorph acid dragon -> boggart
  7258 | D:9      | Killed a centaur warrior
  7259 | D:9      | Reached skill level 5 in Throwing
  7267 | D:9      | Killed a centaur warrior
  7268 | D:9      | Reached XP level 11. HP: 48/126 MP: 10/10
  7284 | D:9      | Noticed a centaur warrior
  7285 | D:9      | XOM: fake destruction
  7287 | D:9      | Killed a centaur warrior
  7349 | D:9      | Noticed a boulder beetle
  7393 | D:9      | Killed a boulder beetle
  7471 | D:9      | XOM: noise
  7531 | D:9      | Noticed a two-headed ogre
  7541 | D:9      | Killed a two-headed ogre
  7655 | D:9      | Reached skill level 13 in Unarmed Combat
  7685 | D:9      | Found an opulent altar of Gozag.
  7689 | D:9      | Found Gozag's Platinum Reserve.
  7761 | D:9      | Noticed a death knight
  7765 | D:9      | XOM: scenery: 1 doors close
  7773 | D:9      | Killed a death knight
  8045 | D:10     | Entered Level 10 of the Dungeon
  8072 | D:10     | Noticed a two-headed ogre
  8074 | D:10     | XOM: enchant monster (bad)
  8089 | D:10     | Noticed Lodul
  8089 | D:10     | Noticed a two-headed ogre
  8089 | D:10     | Noticed a two-headed ogre
  8102 | D:9      | XOM: scenery: summon butterflies
  8103 | D:9      | Killed a two-headed ogre
  8168 | D:9      | Killed Lodul
  8169 | D:9      | Reached skill level 10 in Fighting
  8220 | D:10     | Killed a two-headed ogre
  8223 | D:10     | Killed a two-headed ogre
  8327 | D:10     | XOM: enchant monster (good)
  8335 | D:10     | Reached XP level 12. HP: 102/139 MP: 11/11
  8341 | D:10     | Found a staircase to the Lair.
  8343 | D:10     | XOM: cast spell 'Olgreb's Toxic Radiance'
  8389 | D:10     | XOM: silly message
  8431 | D:10     | Noticed Joseph
  8441 | D:10     | Killed Joseph
  8693 | D:10     | Noticed Sonja
  8700 | D:10     | Found a staircase to the Orcish Mines.
  8713 | D:10     | Killed Sonja
  8978 | D:10     | Noticed a vault guard
  8984 | D:10     | XOM: scenery: 1 doors open
  8984 | D:10     | Found a portal to a secret trove of treasure.
  8987 | D:10     | Killed a vault guard
  8988 | D:10     | Reached skill level 14 in Unarmed Combat
  9066 | D:10     | Noticed a two-headed ogre
  9068 | D:10     | XOM: divination: detect items
  9071 | D:10     | XOM: divination: detect creatures
  9074 | D:10     | Killed a two-headed ogre
  9187 | D:11     | XOM: cast spell 'Cause Fear'
  9188 | D:10     | XOM: summons 3 friendly demons
  9240 | D:10     | XOM: give mutations
  9240 | D:10     | Lost mutation: You are robust. (+10% HP) [Xom's mischief]
  9240 | D:10     | Gained mutation: Armour fits poorly on your strangely
                  | shaped body. [Xom's mischief]
  9240 | D:10     | Gained mutation: You are frail. (-10% HP) [Xom's mischief]
  9243 | D:10     | Lost mutation: Your flesh is heat resistant. (rF+) [potion
                  | of mutation]
  9243 | D:10     | Lost mutation: Your body sometimes deteriorates upon taking
                  | damage. [potion of mutation]
  9243 | D:10     | Lost mutation: Armour fits poorly on your strangely shaped
                  | body. [potion of mutation]
  9243 | D:10     | Gained mutation: Your magical capacity is low. (-10% MP)
                  | [potion of mutation]
  9243 | D:10     | Gained mutation: You have hidden genetic potential. [potion
                  | of mutation]
  9243 | D:10     | Gained mutation: You possess an exceptional clarity of
                  | mind. [potion of mutation]
  9246 | D:11     | XOM: scenery: summon butterflies
  9250 | D:11     | XOM: enchant monster (good)
  9515 | D:11     | Noticed a boulder beetle
  9520 | D:11     | Noticed Grum
  9606 | D:11     | Killed Grum
  9638 | D:11     | Killed a boulder beetle
  9729 | D:11     | Noticed a two-headed ogre
  9736 | D:11     | Killed a two-headed ogre
  9898 | D:12     | Noticed a war gargoyle
  9898 | D:12     | XOM: fog
  9900 | D:12     | XOM: summons 3 friendly demons
  9915 | D:12     | Found a frozen archway.
  9934 | D:12     | XOM: destruction
  9934 | D:12     | Slain by a white ugly thing

Illustrated notes

Levels and vault maps discovered:
D:1:      dpeg_arrival_pond, layout_basic, dreamdust_ecumenical_altar_statues,
          dk_noncrumbling_2
D:2:      layout_basic
D:3:      layout_basic, mainiacjoe_overflow_brackets,
          nicolae_hepliaklqana_hazy_memory, uniq_robin
D:4:      layout_rooms, minmay_joined_circles
D:5:      layout_cave_pools
D:6:      layout_loops_corners, nicolae_ru_sacrificial_ziggurat,
          old_standard_altar, cheibrodos_sewer_entry_drain,
          grunt_decor_arrowhead, amcnicky_mini_corridor_feature,
          kennysheep_potato
D:7:      layout_loops_cross, nicolae_tso_besieged_by_evil,
          minmay_temple_entry_hall, gammafunk_ghost_hive
D:8:      layout_basic, mainiacjoe_overflow_chevrons, uniq_psyche
D:9:      hangedman_cross_veins, layout_basic, nicolae_qazlal_scattered_showers,
          dancing_weapons_uskayaw, nicolae_gozag_zags_fifth_avenue,
          nicolae_fountain_basement
D:10:     layout_grid_maze, david_lair_generic, enter_trove_5, uniq_lodul,
          uniq_sonja, uniq_joseph
D:11:     layout_cave_pools, uniq_grum
D:12:     gargoyle_guard, layout_irregular_city, portal_ice_cave_entry_imps,
          nicolae_dithmenos_through_a_glass_darkly

Skill      XL: |  1  2  3  4  5  6  7  8  9 10 11 12 |
---------------+-------------------------------------+-----
Dodging        | 2 |  2.0
Unarmed Combat | 4 5 6 8 9 11 12 13 14 | 14.7
Fighting       | 3 4 5 6 7 9 10 11 | 11.4
Throwing       | 1 3 5 6 |  6.0
Evocations     | 1 3 4 |  4.8

Action                   |  1- 3 |  4- 6 |  7- 9 | 10-12 || total
-------------------------+-------+-------+-------+-------++-------
Melee: Unarmed           |    79 |   161 |   349 |   394 ||   983
       Punch             |     2 |     4 |    17 |    42 ||    65
Throw: Boomerang         |       |       |       |    13 ||    13
Evoke: Wand              |       |       |       |     4 ||     4
       Lightning rod     |       |       |       |     3 ||     3
  Use: Potion            |       |     1 |     4 |     4 ||     9
       Scroll            |       |       |    17 |     7 ||    24
 Stab: Confused          |       |       |       |     3 ||     3
       Distracted        |       |       |       |     1 ||     1
       Paralysed         |       |       |       |     2 ||     2
Armor: Robe              |    20 |    59 |   161 |    65 ||   305
       Skin              |       |     7 |    64 |       ||    71
       Acid dragon scale |       |       |       |    94 ||    94
Dodge: Dodged            |    33 |    66 |   169 |   145 ||   413
Block: Other             |       |       |       |    62 ||    62
       Reflection        |       |       |       |     7 ||     7

Table legend: (Time is in decaauts)
 A = Elapsed time spent in this place.
 B = Non-inter-level travel time spent in this place.
 C = Inter-level travel time spent in this place.
 D = Time resting spent in this place.
 E = Time spent auto-exploring this place.
 F = Levels seen in this place.
 G = Mean time per level.
                   A        B        C        D        E       F      G
               +--------+--------+--------+--------+--------+-----+--------+
         Total |   9805 |   9273 |    532 |    332 |   6594 |  13 |  754.2 |
       Dungeon |   9509 |   8977 |    532 |    332 |   6458 |  12 |  792.4 |
         Sewer |    296 |    296 |      0 |      0 |    136 |   1 |  296.0 |
               +--------+--------+--------+--------+--------+-----+--------+

Top non-repeatable levels by time:
    D:10: 1146 daAuts
     D:9: 1132 daAuts
     D:6: 1114 daAuts
     D:3: 1061 daAuts
     D:7: 965 daAuts
     D:8: 821 daAuts
     D:1: 745 daAuts
     D:4: 693 daAuts
     D:5: 624 daAuts
    D:11: 602 daAuts
     D:2: 584 daAuts
   Sewer: 296 daAuts
    D:12: 19 daAuts
